 Dungeon Crawl Stone Soup version 0.18.1-5-g4a78601 (webtiles) character file.

56 Zhenya25pyc the Covered (level 3, -3/24 HPs)
             Began as a Gargoyle Fighter on May 11, 2016.
             Slain by Grinder (5 damage)
             ... while paralysed by Grinder
             ... on level 3 of the Dungeon.
             The game lasted 00:02:06 (1628 turns).

Zhenya25pyc the Covered (Gargoyle Fighter)          Turns: 1628, Time: 00:02:07

Health: -3/24      AC: 12    Str: 20    XL:     3   Next: 97%
Magic:  3/3        EV:  2    Int:  8    God:
Gold:   125        SH:  0    Dex:  9    Spells: 0 memorised, 2 levels left

rFire  . . .     SeeInvis .     a - +0 flail
rCold  . . .     Gourm    .     b - +0 scale mail
rNeg   + . .     Faith    .     c - +0 shield
rPois  ∞         Spirit   .     (no helmet)
rElec  +         Dismiss  .     y - +1 cloak {+Inv}
rCorr  .         Reflect  +     (no gloves)
SustAt .         Harm     .     (no boots)
MR     .....                    g - +2 amulet of reflection
Stlth  ..........               (no ring)
                                (no ring)

@: paralysed, not resistant to hostile enchantments, extremely unstealthy
A: negative energy resistance 1, electricity resistance, unbreathing,
petrification resistance, rot immunity, AC +3
a: Evoke Invisibility


You were on level 3 of the Dungeon.
You were not hungry.

You visited 1 branch of the dungeon, and saw 3 of its levels.

You collected 125 gold pieces.

Inventory:

Hand Weapons
 a - a +0 flail (weapon)
Armour
 b - a +0 scale mail (worn)
 c - a +0 shield (worn)
 y - a +1 cloak of invisibility (worn)
Jewellery
 g - a +2 amulet of reflection (around neck)
 h - an uncursed amulet of regeneration
Scrolls
 i - 3 scrolls of recharging {unknown}
 n - a scroll of immolation {unknown}
 r - a scroll of blinking {unknown}
 t - a scroll of remove curse {unknown}
 u - a scroll of enchant weapon {unknown}
 w - a scroll of identify {unknown}
Potions
 d - 2 potions of might
 e - 2 potions of curing {unknown}
 k - a potion of cancellation {unknown}
 l - a potion of magic {unknown}
 m - 2 potions of brilliance {unknown}
 o - a potion of flight {unknown}
 p - 2 potions of heal wounds {unknown}
Comestibles
 f - a bread ration
 j - 3 meat rations
 q - a beef jerky
 s - 9 fruits
 v - a slice of pizza


   Skills:
 + Level 3.7 Fighting
 * Level 2.8 Maces & Flails
 + Level 3.9 Armour
 + Level 3.7 Shields


You had 2 spell levels left.
You didn't know any spells.

Dungeon Overview and Level Annotations

Branches:
Dungeon (3/15)

Altars:
Vehumet

Annotations:
D:3 Grinder


Innate Abilities, Weirdness & Mutations

You are resistant to torment.
Your stone body is resilient (AC +3).
You are immune to poison.
You resist negative energy.
You are resistant to electric shocks.
You can survive without breathing.
You are immune to petrification.
You are immune to rotting.


Message History

You closely miss the kobold. You block the kobold's attack.
You hit the kobold.
You kill the kobold!
You hit Grinder but do no damage.
Grinder is severely wounded.
You block Grinder's attack.
You thump Grinder!
Grinder is almost dead.
Grinder gestures at you.
You suddenly lose the ability to move!
Grinder hits you.
* * * LOW HITPOINT WARNING * * *
Grinder gestures at you.
You shrug off the repeated paralysis!
Grinder hits you.
* * * LOW HITPOINT WARNING * * *
Grinder hits you but does no damage. Grinder completely misses you.
Grinder hits you.
You die...

### ##########
#######.#
.........###.......#
#####.....#......#.###
#.................#
#..#..........#..#.#
#..##.........5##...#
................@....#
.....................#
.........####....)...#
........## ##......##
#......# #.....##
##.....# #.....$
#....... ........#
.........#


You could see Grinder.

Vanquished Creatures
  Crazy Yiuf (D:3)
  2 dart slugs (D:1)
  A giant gecko (D:2)
  2 goblins
  4 hobgoblins
  2 jackals (D:1)
  6 kobolds
  2 bats (D:1)
  2 giant newts
  2 rats
24 creatures vanquished.

Notes
Turn   | Place    | Note
--------------------------------------------------------------
     0 | D:1      | Zhenya25pyc the Gargoyle Fighter began the quest for the Orb.
     0 | D:1      | Reached XP level 1. HP: 14/14 MP: 1/1
   177 | D:1      | Reached XP level 2. HP: 19/19 MP: 2/2
  1052 | D:2      | Reached XP level 3. HP: 23/23 MP: 3/3
  1423 | D:3      | Found a radiant altar of Vehumet.
  1474 | D:3      | Noticed Crazy Yiuf
  1484 | D:3      | Killed Crazy Yiuf
  1608 | D:3      | Noticed Grinder
  1622 | D:3      | Paralysed by Grinder for 7 turns
  1628 | D:3      | Slain by Grinder

Action                   || total
-------------------------++-------
Melee: Flail             ||    97
  Eat: Chunk             ||     2
Armor: Scale mail        ||    61
Dodge: Dodged            ||    20
Block: Shield            ||    72
       Reflection        ||     5
